 Dungeon Crawl Stone Soup version 0.20-a0-555-gf6ae02d (webtiles) character file.

942 M4edhros the Covert (level 8, 0/48 HPs)
             Began as an Octopode Artificer on Feb 4, 2017.
             Slain by a sky beast (6 damage)
             ... on level 6 of the Dungeon.
             The game lasted 00:06:05 (2217 turns).

M4edhros the Covert (Octopode Artificer)            Turns: 2217, Time: 00:06:06

Health: 0/48       AC:  1    Str:  8 (11) XL:     8   Next: 12%
Magic:  10/10      EV: 13    Int: 13 (14) God:
Gold:   161        SH:  0    Dex: 12 (14) Spells: 7/7 levels left

rFire    . . .     SeeInvis .   q - +3 mace (protect)
rCold    . . .     Gourm    .   (no shield)
rNeg     . . .     Faith    .   (helmet restricted)
rPois    .         Spirit   .   (no amulet)
rElec    .         Reflect  .   A - ring of flight
rCorr    .         Harm     .   (no ring)
MR       .....                  (no ring)
Stlth    ++++++....             (no ring)
Regen    0.2/turn               (no ring)
                                (no ring)
                                (no ring)
                                (no ring)

@: no status effects
A: almost no armour, stealthy swim, amphibious, 8 rings, constrict 8, camouflage
1, gelatinous body 1
a: Evoke Flight


You were on level 6 of the Dungeon.
You were not hungry.

You visited 1 branch of the dungeon, and saw 7 of its levels.

You collected 161 gold pieces.

Inventory:

Hand Weapons
 a - a +0 short sword
 g - a +0 dagger of speed
 q - a +3 mace of protection (weapon)
 B - a +2 war axe of electrocution
Jewellery
 A - a ring of flight (left tentacle)
Wands
 b - a wand of flame (9/48)
 c - a wand of enslavement (7/24)
 d - a wand of random effects (11/48)
 u - a wand of random effects (29/48)
 y - a wand of confusion (22/48)
Scrolls
 e - a scroll of blinking
 h - 4 scrolls of teleportation {unknown}
 i - a scroll of remove curse
 j - 3 scrolls of identify
 k - 2 scrolls of amnesia {unknown}
 l - 2 scrolls of enchant weapon
 o - a scroll of fear {unknown}
 p - a scroll of enchant armour {unknown}
 r - 2 scrolls of random uselessness {unknown}
 t - 4 scrolls of noise {unknown}
Potions
 m - a potion of heal wounds {unknown}
 s - a potion of degeneration
 w - a potion of curing
 x - a potion of haste {unknown}
 z - a potion of cancellation {unknown}
Comestibles
 f - 4 bread rations
 n - a meat ration
 v - 3 fruits


   Skills:
 - Level 1.0 Fighting
 - Level 1.0 Short Blades
 - Level 2.0 Dodging
 + Level 12.5 Stealth
 - Level 3.2 Evocations


You had 7 spell levels left.
You didn't know any spells.

Dungeon Overview and Level Annotations

Branches:
Dungeon (7/15)
 Temple: D:4-7

Altars:
Ashenzari
Sif Muna
Zin

Shops:
D:4 %

Annotations:
D:5 Nvm9's ghost, novice DsFi


Innate Abilities, Weirdness & Mutations

You cannot wear most types of armour.
You are very stealthy in the water. (Stealth+)
You are amphibious.
You can wear up to eight rings at the same time.
You can use your tentacles to constrict eight enemies at once.
Your skin changes colour to match your surroundings (Stealth+).
Your rubbery body absorbs attacks. (AC +1, EV +1)


Message History

There is an open door here.
The sky beast closely misses you.
The sky beast flickers out of sight!
Deactivating autopickup; reactivate with Ctrl-A.
Evoke which item? (* to show all) (? for menu, Esc to quit)
Aiming: Throw Flame
Press: ? - help, Shift-Dir - straight line, f - you This wand has 9 charges left.
Something hits you. Something shocks you.
* * * LOW HITPOINT WARNING * * *
It was a potion of degeneration.
There was something very wrong with that liquid.
You feel weakened.
You feel dopey.
You feel clumsy. Something hits you.
* * * LOW HITPOINT WARNING * * *
Something shocks you.
* * * LOW HITPOINT WARNING * * *
It was a potion of curing.
You feel better. Something hits you.
* * * LOW HITPOINT WARNING * * *
Something shocks you.
You die...

.............##...##...##..#
.....##..##..#######....#..#
.##..######.............+..#
.##..#....#......)).....#..#
.....#....#..########'###..#
..#..#...##..##...##...##..#
..####...######.........+..#
..# #.####...#.........#..#
..# #...#....+.@.##...##..#
..# #...#...##.{.##...##..#
.## #...'...##...##.......#
.## #...#.........#.......#
..# #...##..##...##...##..#
..# #...##..##...##...##..#
.## #.......#.........#...#
'## #.......#.........#...#
..# #...##'###...##...#...#


There were no monsters in sight!

Vanquished Creatures
  Pikel (D:5)
  A centaur (D:5)
  Blork the orc (D:5)
  A crimson imp (D:6)
  A hound (D:5)
  An orc priest (D:4)
  A bullfrog skeleton (D:5)
  Jessica (D:3)
  3 worker ants
  Ijyb (D:2)
  An iguana (D:5)
  A worker ant zombie (D:5)
  An adder (D:2)
  4 gnolls
  A shadow imp (D:6)
  3 worms (D:4)
  2 adder skeletons (D:5)
  A dart slug (D:2)
  6 orcs
  A bat (D:2)
  3 giant cockroaches
  A quokka (D:6)
  A frilled lizard (D:4)
  A kobold (D:2)
  A leopard gecko zombie (D:5)
  A rat (D:1)
41 creatures vanquished.

Vanquished Creatures (collateral kills)
  3 orcs (D:4)
  A frilled lizard (D:4)
4 creatures vanquished.

Vanquished Creatures (others)
  A slave (D:5)
  A bullfrog skeleton (D:5)
  2 gnolls
4 creatures vanquished.

Grand Total: 49 creatures vanquished

Notes
Turn   | Place    | Note
-------+----------+-------------------------------------------
     0 | D:1      | M4edhros the Octopode Artificer began the quest for the Orb.
     0 | D:1      | Reached XP level 1. HP: 13/13 MP: 3/3
    24 | D:2      | Noticed Ijyb
    32 | D:2      | Reached skill level 2 in Stealth
    33 | D:2      | Reached skill level 3 in Stealth
    33 | D:2      | Reached XP level 2. HP: 18/18 MP: 4/4
    42 | D:2      | Killed Ijyb
    42 | D:2      | Reached skill level 4 in Stealth
    42 | D:2      | Reached XP level 3. HP: 17/23 MP: 5/5
    61 | D:3      | Noticed Jessica
    65 | D:3      | Killed Jessica
    65 | D:3      | Reached skill level 5 in Stealth
    65 | D:3      | Reached XP level 4. HP: 23/28 MP: 6/6
   160 | D:4      | Found Onetzid's Food Boutique.
   194 | D:4      | Found a shattered altar of Ashenzari.
   209 | D:4      | Reached skill level 6 in Stealth
   315 | D:4      | Reached XP level 5. HP: 17/33 MP: 7/7
   320 | D:4      | Reached skill level 7 in Stealth
   904 | D:4      | Found a deep blue altar of Sif Muna.
   905 | D:4      | Found a glowing silver altar of Zin.
   909 | D:5      | Entered Level 5 of the Dungeon
   955 | D:5      | Noticed Pikel
   955 | D:5      | Noticed a slave
   958 | D:5      | Noticed a slave
   962 | D:5      | Noticed a slave
   962 | D:5      | Noticed a slave
   966 | D:5      | Killed Pikel
   966 | D:5      | Reached skill level 10 in Stealth
   966 | D:5      | Reached XP level 6. HP: 19/38 MP: 8/8
   966 | D:5      | Reached XP level 7. HP: 22/43 MP: 9/9
  1120 | D:5      | Reached skill level 11 in Stealth
  1153 | D:5      | Noticed Nvm9's ghost (novice DsFi)
  1299 | D:5      | Noticed Blork the orc
  1312 | D:5      | Killed Blork the orc
  1312 | D:5      | Reached skill level 12 in Stealth
  1312 | D:5      | Reached XP level 8. HP: 35/48 MP: 10/10
  2216 | D:6      | HP: 2/48 [something (6)]
  2217 | D:6      | Slain by a sky beast

Vault maps used:
D:1:      lemuel_arrival_hallway, minmay_tripent
D:2:      uniq_iyjb
D:3:      first_bread, uniq_jessica
D:4:      gammafunk_temple_overflow_wave, serial_shops, nicolae_shop_stone,
          minivault_4, cheibrodos_ashenzari_chains
D:5:      hangedman_decor_peaks_small, hangedman_decor_opposing, uniq_pikel,
          uniq_blork_the_orc
D:7:      temple_fountains, grunt_ministairs_8, uniq_joseph, uniq_menkaure

Skill      XL: |  1  2  3  4  5  6  7 |
---------------+----------------------+-----
Stealth        | 3 4 5 6 10 12 | 12.5
Fighting       | |  1.0
Short Blades   | |  1.0
Dodging        | |  2.0
Evocations     | |  3.2

Action                   |  1- 3 |  4- 6 |  7- 9 || total
-------------------------+-------+-------+-------++-------
Melee: Short sword       |    15 |       |     2 ||    17
       Constrict         |     5 |    12 |    13 ||    30
       Tentacles         |     3 |    13 |     9 ||    25
       Dagger            |     4 |    55 |       ||    59
       Mace              |       |    15 |    41 ||    56
Evoke: Wand              |     1 |    15 |     2 ||    18
  Use: Scroll            |       |       |     4 ||     4
       Potion            |       |       |     2 ||     2
 Stab: Sleeping          |     1 |     3 |     9 ||    13
  Eat: Chunk             |       |       |     4 ||     4
Armor: Skin              |     3 |     4 |    15 ||    22
Dodge: Dodged            |     5 |    34 |    31 ||    70
